 Dungeon Crawl Stone Soup version 0.17.0-7-gfadd4cc (webtiles) character file.

726620 oplop the Merfolkian Porcupine (level 27, 0/231 HPs)
             Began as a Merfolk Ice Elementalist on Nov 8, 2015.
             Was a High Priest of Cheibriados.
             Slain by an Ice Fiend (19 damage)
             ... in Pandemonium.
             The game lasted 06:15:51 (80155 turns).

oplop the Merfolkian Porcupine (MfIE)              Turns: 80155, Time: 06:15:51

Health: 0/231      AC: 30    Str: 26    XL:     27
Magic:  41/55      EV: 40    Int: 29    God:    Cheibriados [*****.]
Gold:   5334       SH: 10    Dex: 30    Spells: 13 memorised, 11 levels left

rFire  + . .     SeeInvis +     e - +9 bardiche (freeze)
rCold  + . .     Clarity  .     t - +1 robe of Plog {rPois rF+ rCorr Dex+2}
rNeg   + + .     SustAt   .     (shield currently unavailable)
rPois  +         Gourm    .     O - +2 helmet {SInv}
rElec  .         Spirit   .     h - +2 cloak of the Journeyman {rPois}
rCorr  +         Warding  .     M - +2 pair of gloves
rMut   +         Stasis   .     i - +0 pair of boots of Hokur {+Fly rC+ rCorr Stlth-}
MR     ++++.                    B - amulet of resist mutation
Stlth  +++.......               Y - ring of Nollein {rPois Int+3 Slay+3}
                                b - ring "Seceapt" {rN++ MR+ MP+9 Str+2 Int-5}

@: icy armour, icy shield, studying Transmutations, very slow, incredibly
resistant to hostile enchantments, fairly stealthy
A: change form in water, swift swim, iridescent scales 1, breathe flames 1,
magic resistance 1, no device heal 1
a: Bend Time, Temporal Distortion, Slouch, Step From Time, Renounce Religion,
Breathe Fire, Evoke Flight
}: 5/15 runes: decaying, serpentine, slimy, silver, abyssal


You were in Pandemonium.
You worshipped Cheibriados.
Cheibriados was extremely pleased with you.
You were not hungry.

You visited 11 branches of the dungeon, and saw 58 of its levels.
You visited Pandemonium 1 time, and saw 6 of its levels.
You visited the Abyss 3 times.
You also visited: Labyrinth, Trove and Volcano.

You collected 8315 gold pieces.
You spent 2981 gold pieces at shops.

Inventory:

Hand Weapons
 e - a +9 bardiche of freezing (weapon)
Armour
 h - the +2 cloak of the Journeyman (worn) {rPois}
   (You found it on level 2 of the Crypt)

   It protects you from poison.
 i - the +0 pair of boots of Hokur (worn) {+Fly rC+ rCorr Stlth-}
   (You found it on level 6 of the Pits of Slime)

   It protects you from cold.
   It lets you fly.
   It protects you from acid and corrosion.
   It makes you less stealthy.
 t - the +1 robe of Plog (worn) {rPois rF+ rCorr Dex+2}
   (You took it off a deep elf death mage on level 3 of the Crypt)

   It affects your dexterity (+2).
   It protects you from fire.
   It protects you from poison.
   It protects you from acid and corrosion.
 C - the +11 plate armour of Duck's Teeth {rN+ Str+2}
   (You found it on level 1 of the Crypt)

   It affects your strength (+2).
   It protects you from negative energy.
 M - a +2 pair of gloves (worn)
 O - a +2 helmet of see invisible (worn)
Jewellery
 b - the ring "Seceapt" (left hand) {rN++ MR+ MP+9 Str+2 Int-5}
   (You took it off a deep elf demonologist on level 3 of the Elven Halls)

   [ring of magical power]

   It affects your strength (+2).
   It affects your intelligence (-5).
   It greatly protects you from negative energy.
   It affects your resistance to hostile enchantments.
   It affects your magic capacity (+9).
 s - a cursed ring of loudness {unknown}
 w - an uncursed ring of protection from fire
 B - an amulet of resist mutation (around neck)
 L - the amulet of Gappa Lal {rCorr rC+ Dex+4}
   (You took it off a yaktaur on level 5 of the Vaults)

   [amulet of resist corrosion]

   It protects you from acid and corrosion.
   It affects your dexterity (+4).
   It protects you from cold.
 T - an uncursed amulet of guardian spirit {unknown}
 X - an uncursed ring of protection from cold
 Y - the ring of Nollein (right hand) {rPois Int+3 Slay+3}
   (You took it off an ironheart preserver on level 5 of the Vaults)

   [ring of poison resistance]

   It affects your intelligence (+3).
   It affects your accuracy and damage with ranged weapons and melee attacks
   (+3).
   It protects you from poison.
Wands
 l - a wand of teleportation (6)
 p - a wand of heal wounds (5)
 u - a wand of heal wounds (7)
 I - a wand of teleportation (4)
 K - a wand of digging (7)
Scrolls
 a - 2 scrolls of vulnerability
 g - 5 scrolls of amnesia
 m - 7 scrolls of teleportation
 n - 2 scrolls of silence
 o - 11 scrolls of immolation
 q - 26 scrolls of remove curse
 z - 9 scrolls of recharging
 E - 5 scrolls of holy word
 G - 7 scrolls of fear
 H - 3 scrolls of enchant weapon
 R - 2 scrolls of summoning
 S - 5 scrolls of magic mapping
 U - 6 scrolls of enchant armour
 W - 6 scrolls of blinking
 Z - 9 scrolls of fog
Potions
 d - 3 potions of resistance
 f - 15 potions of curing
 j - 4 potions of brilliance
 r - 9 potions of cancellation
 v - 5 potions of invisibility
 x - 6 potions of might
 A - 2 potions of heal wounds
 D - 8 potions of flight
 F - 5 potions of magic
 J - 8 potions of agility
 Q - 5 potions of cure mutation
Books
 y - a book of Necromancy

   Spells                             Type                      Level
   a - Pain                           Necromancy                   1
   b - Animate Skeleton               Necromancy                   1
   c - Vampiric Draining              Necromancy                   3
   d - Regeneration                   Charms/Necromancy            3
   e - Animate Dead                   Necromancy                   4
   f - Control Undead                 Necromancy                   4
 P - a manual of Transmutations
Miscellaneous
 N - a legendary deck of summoning {the Rangers, drawn: 1}
Comestibles
 c - 43 bread rations
 k - 11 meat rations
 V - a royal jelly


   Skills:
 + Level 21.8 Fighting
 O Level 27 Polearms
 - Level 7.4 Armour
 + Level 25.8 Dodging
 - Level 6.0 Stealth
 + Level 19.3 Spellcasting
 - Level 13.9 Conjurations
 - Level 11.5 Charms
 - Level 3.0 Summonings
 - Level 17.0 Transmutations
 - Level 15.4 Ice Magic
 - Level 8.0 Air Magic
 - Level 7.7 Earth Magic
 - Level 10.7 Invocations


You had 11 spell levels left.
You knew the following spells:

 Your Spells              Type           Power        Failure   Level  Hunger
a - Freezing Cloud        Conj/Ice/Air   #######...   1%          6    None
b - Ozocubu's Armour      Chrm/Ice       #######.     1%          3    None
c - Condensation Shield   Ice            #######...   1%          4    None
d - Repel Missiles        Chrm/Air       ######       1%          2    None
e - Summon Ice Beast      Ice/Summ       ######..     1%          4    None
f - Throw Icicle          Conj/Ice       #######.     1%          4    None
g - Ozocubu's Refrigerat  Ice            #######...   1%          6    None
h - Cure Poison           Pois           ####......   2%          2    None
i - Summon Butterflies    Summ           #####...     1%          1    None
j - Blink                 Tloc           N/A          2%          2    None
k - Deflect Missiles      Chrm/Air       ######....   4%          6    None
l - Orb of Destruction    Conj           #######...   4%          7    ####...
m - Statue Form           Trmt/Erth      #######..    1%          6    None


Dungeon Overview and Level Annotations

Branches:
Dungeon (15/15)            Temple (1/1) D:5            Lair (8/8) D:11
  Swamp (4/4) Lair:5        Snake (4/4) Lair:6        Slime (6/6) Lair:8
    Orc (4/4) D:12            Elf (3/3) Orc:4        Vaults (5/5) D:14
  Crypt (3/3) Vaults:3       Tomb (0/3) Crypt:3      Depths (5/5) D:15
    Zot (0/5) Depths:5

Altars:
Ashenzari
Cheibriados
Dithmenos
Elyvilon
Fedhas
Gozag
Kikubaaqudgha
Makhleb
Nemelex Xobeh
Okawaru
Qazlal
Ru
Sif Muna
Trog
Vehumet
Xom
Yredelemnul
Zin
The Shining One
Beogh

Shops:
D:7 ??   D:11 [   Orc:3 [   Orc:4 ([?[   Elf:1 (   Elf:2 (   Vaults:1 (
Depths:2 :   Depths:4 !

Portals:
Hell: Depths:1 Depths:2 Depths:3 Depths:4 Depths:5
Abyss: Depths:4
Pandemonium: Depths:2 Depths:3
Ziggurat: Depths:5

Annotations:
D:3 hannobal's ghost, amateur OpTm
Elf:2 1 runed door
Depths:2 6 runed doors


Innate Abilities, Weirdness & Mutations

You revert to your normal form in water.
You are very nimble and swift while swimming.
You are partially covered in iridescent scales (AC +4).
You can breathe flames.
You are resistant to hostile enchantments.
Potions and wands are less effective at restoring your health.


Message History

* * * LOW HITPOINT WARNING * * *
The orange demon completely misses you.
Unknown command.
You fail to use your ability.
The smoke demon completely misses you. The smoke demon completely misses you.
You block the smoke demon's attack. The hellwing misses you.
The hellwing hits you but does no damage.
The Ice Fiend calls on the powers of darkness!
Your body is wracked with pain!
* * * LOW HITPOINT WARNING * * *
The orange demon closely misses you. The hellwing completely misses you.
The hellwing completely misses you.
Unknown command.
You step out of the flow of time.
You hear a distant blaring wail to the southeast.
You return to the normal time flow.
You feel quite a bit more hungry.
Cheibriados reduces the support of your attributes as your movement quickens.
The hellwing gives a chilling moan.
The smoke demon roars!
The Ice Fiend roars!
The Ice Fiend claws you!!
You die...

#........####
#..........3.
#.....(....#
#..........#
#..3....4..#
#....4.....##
###............
.......@.......
......4.1......
...............
..........#####
.....######
..... .... ...%


You could see an Ice Fiend, 3 hellwings and 2 smoke demons.

Vanquished Creatures
  the royal jelly (Slime:6)
  2 ancient liches
  A juggernaut (Depths:5)
  A greater mummy (Crypt:1)
  Boris (twice) (Depths:3 Depths:4)
  Frederick (Vaults:4)
  Saint Roka (Orc:4)
  The ghost of MDvedh the Slayer, a veteran HOIE of Beogh (Depths:3)
  5 golden dragons
  2 profane servitors
  Xtahua (Depths:4)
  5 bone dragons
  A shard shrike zombie (Crypt:3)
  10 liches
  An Ice Fiend (Pan)
  2 tentacled monstrosities
  22 acid blobs
  3 Shadow Fiends (Pan)
  2 deep elf blademasters (Elf:3)
  6 titans
  5 quicksilver dragons
  2 deep elf master archers (Elf:3)
  17 tentacled starspawn
  4 Executioners
  6 sphinxes
  A thorn hunter (Swamp:4)
  Frances (D:12)
  5 ancient champions
  4 tengu reavers
  4 storm dragons
  A revenant (Crypt:1)
  5 shadow dragons
  Roxanne (Swamp:3)
  12 fire giants
  11 greater nagas
  3 blood saints (Pan)
  Wiglaf (Snake:2)
  6 azure jellies (Slime:6)
  14 frost giants
  An iron dragon (Depths:5)
  A black sun (Pan)
  5 deep elf sorcerers
  Aizul (Swamp:3)
  A curse skull (Crypt:1)
  A draconian zealot (Depths:5)
  17 vault wardens
  4 ghouls
  A war gargoyle (Vaults:5)
  A warmonger (Pan)
  2 spriggan defenders (Depths:4)
  2 draconian annihilators
  3 reapers
  13 ironheart preservers
  20 very ugly things
  29 stone giants
  12 vampire knights
  A corrupter (Pan)
  9 deep elf annihilators
  17 deep elf demonologists
  2 lorocyprocas
  4 salamander stormcallers (Vaults:5)
  A mottled draconian (Depths:5)
  2 chaos champions (Pan)
  2 black draconians (Depths:5)
  A purple draconian (Depths:5)
  A red draconian (Depths:5)
  A merfolk javelineer (Depths:5)
  8 eidola
  18 jiangshi
  A crystal guardian (Vaults:5)
  Snorg (Orc:2)
  2 pearl dragon zombies (Crypt:1)
  6 death oozes (Slime:6)
  19 ettins
  12 deep elf death magi
  3 blizzard demons (Pan)
  2 quicksilver dragon zombies
  7 deep elf high priests
  32 vault guards
  10 entropy weavers
  15 ice dragons
  18 ogre magi
  11 great orbs of eyes
  2 green deaths (Pan)
  4 rakshasas
  12 fire dragons
  A minotaur (Lab)
  2 hell beasts
  16 hydras
  4 death knights
  20 yaktaur captains
  2 ghost crabs
  A catoblepas (Lair:6)
  14 naga warriors
  A quicksilver dragon skeleton (Crypt:1)
  3 monstrous demonspawn (Pan)
  2 spriggan air magi (Depths:4)
  The ghost of Rayvis the Imperceptible, a journeyman FeEn of Dithmenos (Orc:4)
  6 anacondas
  A merfolk avatar (Abyss:4)
  A ghost crab (shapeshifter) (Vaults:2)
  14 vampire magi
  An anaconda (shapeshifter) (Depths:2)
  14 centaur warriors
  9 deep troll shamans
  17 dancing weapons (Elf:2)
  11 alligators
  7 tengu warriors
  6 deep troll earth magi
  3 death yaks (Lair:7)
  2 titan zombies
  3 hell hogs (Crypt:1)
  16 naga sharpshooters
  16 shock serpents
  6 soul eaters
  10 spriggan berserkers
  12 thrashing horrors
  8 spriggans
  2 sun demons
  Sonja (D:13)
  Nergalle (Lair:2)
  An orc high priest (Orc:4)
  2 fire crabs (shapeshifter)
  61 skeletal warriors
  13 wretched stars
  6 iron trolls
  8 hell knights
  A fire crab (Vaults:2)
  9 wizards
  5 shadow wraiths
  32 deep elf knights
  2 gelid demonspawn
  3 spatial maelstroms
  5 anaconda zombies
  A golden dragon zombie (Depths:4)
  7 flayed ghosts
  An unseen horror (shapeshifter) (Depths:5)
  A storm dragon skeleton (Vaults:3)
  3 ice devils
  A quicksilver dragon simulacrum (Crypt:1)
  4 unseen horrors
  11 deep elf summoners
  3 swamp dragons (Swamp:4)
  A sea snake (Snake:2)
  25 deep trolls
  2 shambling mangroves
  A spriggan druid (Swamp:4)
  2 salamander mystics
  An infernal demonspawn (Depths:2)
  A shadow demon (Pan)
  3 giant orange brains
  20 ironbrand convokers
  A golden dragon skeleton (Depths:4)
  34 phantasmal warriors
  26 deep elf conjurers
  2 hill giants (shapeshifter) (Vaults:5)
  2 putrid demonspawn
  3 harpies (Vaults:3)
  14 orc knights
  14 naga ritualists
  A wolf spider (shapeshifter) (Depths:5)
  3 iron dragon zombies
  8 cyclopes
  10 hill giants
  A frost giant zombie (Crypt:1)
  3 hornets
  2 fire giant zombies
  An orc sorcerer (Vaults:5)
  An orb spider (Abyss:3)
  14 necromancers
  6 griffons
  64 ugly things
  2 manticores
  2 stone giant zombies
  5 wolf spiders
  4 wolf spider zombies
  A salamander (shapeshifter) (Vaults:1)
  5 shining eyes
  An iron dragon skeleton (Crypt:1)
  A moth of wrath (shapeshifter) (Vaults:1)
  A dire elephant zombie (Crypt:1)
  3 stone giant skeletons
  15 salamanders
  13 mana vipers
  4 human skeletons (Vaults:3)
  7 guardian serpents
  2 fire giant skeletons
  3 frost giant skeletons
  49 black mambas
  3 sixfirhies
  12 elephants
  Joseph (Lair:1)
  20 vault sentinels
  4 apis skeletons (Crypt:1)
  A rust devil (Depths:1)
  5 worldbinders
  An ice statue (Lair:6)
  An apocalypse crab (Abyss:3)
  An eye of devastation (Slime:3)
  Psyche (D:8)
  A black mamba (shapeshifter) (Depths:4)
  A molten gargoyle (Depths:4)
  A titan simulacrum (Crypt:1)
  27 naga magi
  An orange demon (Abyss:1)
  A spiny frog (shapeshifter) (Depths:2)
  An emperor scorpion zombie (Crypt:1)
  16 spiny frogs
  5 dire elephant skeletons
  3 hellions
  2 catoblepas zombies (Crypt:1)
  A fire drake (shapeshifter) (Vaults:5)
  2 kobold demonologists
  A demonic crawler (Pan)
  21 deep elf priests
  86 yaktaurs
  A green draconian skeleton (Crypt:3)
  8 komodo dragons
  21 smoke demons
  3 guardian mummies (Crypt:1)
  An efreet (Abyss:1)
  6 fire drakes
  41 two-headed ogres
  A mottled draconian skeleton (Crypt:1)
  5 tengu conjurers
  2 yaktaur skeletons (Vaults:3)
  A white draconian skeleton (Crypt:2)
  4 giant leeches
  A tormentor (Pan)
  5 hellwings
  A red devil (Depths:4)
  8 polar bears
  3 jumping spiders
  A merfolk (Abyss:1)
  9 trolls
  16 freezing wraiths
  A blue devil (Depths:3)
  8 boulder beetles
  5 ancient zymes
  29 raiju
  7 bog bodies
  2 spectral guardian serpents (Crypt:3)
  2 ettin zombies (Crypt:1)
  76 slime creatures
  2 raiju (shapeshifter)
  24 large abominations
  A stone giant simulacrum (Crypt:1)
  A trapdoor spider (shapeshifter) (Depths:2)
  3 shadows
  14 blink frogs
  2 black mamba zombies (Crypt:3)
  21 redbacks
  An alligator skeleton (Crypt:2)
  15 flying skulls
  A wyvern (shapeshifter) (Vaults:5)
  2 redbacks (shapeshifter)
  12 vampires
  27 yaks
  9 ynoxinuls
  3 tarantellas
  17 wraiths
  3 air elementals (Depths:4)
  38 deep elf magi
  6 fire bats
  36 vampire mosquitoes
  An ettin skeleton (Vaults:3)
  10 hippogriffs
  5 hungry ghosts
  A hog (shapeshifter) (Depths:1)
  18 neqoxecs
  2 basilisks (Lair:8)
  A golden eye (Slime:6)
  A hog (Volcano)
  16 humans
  2 wyverns
  43 deep elf fighters
  2 mottled dragons
  A mottled dragon (shapeshifter) (Depths:3)
  53 nagas
  11 wolves
  An emperor scorpion simulacrum (Crypt:1)
  16 insubstantial wisps
  A wolf (shapeshifter) (Vaults:4)
  4 spatial vortices
  3 wargs
  6 hell hounds
  12 chaos spawn
  24 swamp worms
  A water moccasin (shapeshifter) (Vaults:3)
  9 ice beasts
  2 spiny frog zombies
  10 water moccasins
  2 phantoms
  16 wasps
  8 swamp drakes
  A fire dragon simulacrum (Crypt:1)
  An ice beast (shapeshifter) (D:15)
  43 orc warriors
  9 porcupines
  A lindwurm zombie (Crypt:3)
  3 black bears
  63 ogres
  3 eyes of draining
  An eye of draining (shapeshifter) (Vaults:3)
  8 boggarts
  31 small abominations
  44 centaurs
  4 necrophages
  4 sky beasts
  A centaur (shapeshifter) (Vaults:5)
  20 crocodiles
  A dryad zombie (Crypt:2)
  A brain worm (Abyss:1)
  A big kobold (D:11)
  2 wyvern zombies
  26 giant frogs
  An earth elemental (Abyss:4)
  A hippogriff zombie (Crypt:2)
  2 glowing shapeshifter simulacra
  30 killer bees
  8 scorpions
  A snapping turtle simulacrum (Crypt:2)
  10 wights
  2 electric eels
  A wolf zombie (Crypt:3)
  A giant frog zombie (D:7)
  5 centaur zombies
  47 starcursed masses
  6 iguanas
  5 quasits (Abyss:1)
  15 crimson imps
  4 lava snakes (Lab)
  A black bear zombie (Crypt:3)
  22 jellies
  33 orc wizards
  A wasp zombie (D:5)
  21 orc priests
  A gnoll shaman (D:7)
  11 iron imps
  6 centaur skeletons
  A basilisk skeleton (Crypt:2)
  9 hounds
  Natasha (thrice) (D:2)
  15 worker ants
  4 sheep (D:13)
  2 killer bee zombies
  A sky beast zombie (Crypt:3)
  A big kobold zombie (Crypt:1)
  A hound skeleton (D:4)
  7 mummies (Crypt:1)
  5 worker ant zombies
  11 adders
  12 gnolls
  61 river rats
  3 shadow imps
  5 white imps
  4 ufetubi (Abyss:1)
  4 oozes (Lair:8)
  2 adder skeletons
  4 worms
  9 giant geckos
  155 orcs
  3 ball pythons
  2 giant cockroaches
  7 goblins
  3 hobgoblins
  5 jackals
  3 quokkas
  A ball python zombie (Crypt:2)
  3 bats
  A giant gecko skeleton (D:4)
  7 giant newts
  A giant newt skeleton (Crypt:1)
  9 kobolds
  A kobold skeleton (Crypt:1)
  A quokka skeleton (D:7)
  A rat (D:3)
  7 crawling corpses
  3 fire vortices (Vaults:5)
  3 fungi
  2 lost souls
  2 plants
  10 starspawn tentacles
  A starspawn tentacle segment (Abyss:1)
3215 creatures vanquished.

Vanquished Creatures (collateral kills)
  2 thorn hunters
  Donald (Orc:3)
  A greater naga (Snake:4)
  The ghost of Rayvis the Nimble, a journeyman MiFi of Makhleb (Orc:4)
  2 naga warriors (Snake:4)
  9 hydras
  A dancing weapon (Elf:2)
  2 death yaks (Lair:7)
  A deep troll (D:15)
  6 hill giants
  An orc knight (Orc:4)
  4 swamp dragons (Swamp:4)
  3 ugly things
  A naga mage (Snake:4)
  10 elephants
  A black mamba (Lair:8)
  A centaur skeleton (D:11)
  A spiny frog (Lair:7)
  A komodo dragon (Lair:8)
  A two-headed ogre (D:9)
  A troll (Elf:1)
  A polar bear (Lair:6)
  A tengu conjurer (D:13)
  A raiju (Abyss:1)
  A freezing wraith (Lair:6)
  2 giant leeches
  3 slime creatures
  A bog body (Swamp:4)
  3 blink frogs (Lair:2)
  A redback (Depths:1)
  3 hippogriffs
  A spriggan (Swamp:2)
  2 basilisks
  A deep elf mage (D:15)
  A hungry ghost (D:12)
  A deep elf fighter (Elf:2)
  A small abomination (Abyss:1)
  4 vampire mosquitoes
  11 yaks
  A wyvern (D:11)
  2 water moccasins
  A porcupine (Lair:7)
  2 swamp worms (Swamp:3)
  5 wolves
  2 swamp drakes (Swamp:4)
  A wasp (Swamp:2)
  2 orc warriors
  2 ogres
  A giant frog (D:9)
  A wyvern zombie (D:14)
  A wyvern skeleton (D:13)
  4 wights (D:11)
  7 killer bees
  2 orc wizards
  A jelly (D:11)
  An iguana (Lair:1)
  A worker ant (D:10)
  A killer bee zombie (D:10)
  A shadow imp (D:10)
  A white imp (Lair:6)
  An ooze (Lair:8)
  7 orcs
  A jackal (D:11)
  A butterfly (Lair:2)
140 creatures vanquished.

Vanquished Creatures (others)
  A shadow dragon (Vaults:5)
  2 tengu reavers
  A frost giant (Vaults:5)
  A war gargoyle (Vaults:5)
  An ettin (Depths:4)
  An entropy weaver (Depths:4)
  An ogre mage (Vaults:4)
  A hell hog (Abyss:1)
  A swamp dragon (Swamp:4)
  A torturous demonspawn (Pan)
  A yaktaur (Vaults:5)
  A deep elf priest (Vaults:4)
  A deep elf fighter (Elf:3)
  An insubstantial wisp (Swamp:3)
  An ogre (Depths:3)
  2 orc warriors
  A warg skeleton (Crypt:2)
  A gnoll (D:7)
  2 white imps
  2 orcs
  A bush (Lair:8)
  2 fire vortices (Vaults:5)
  25 fungi
  3 lost souls
  A lurking horror (Abyss:2)
  12 plants
  34 starspawn tentacles
  529 starspawn tentacle segments
631 creatures vanquished.

Grand Total: 3986 creatures vanquished

Notes
Turn   | Place    | Note
--------------------------------------------------------------
     0 | D:1      | oplop the Merfolk Ice Elementalist began the quest for the Orb.
     0 | D:1      | Reached XP level 1. HP: 13/13 MP: 3/3
   339 | D:1      | Reached XP level 2. HP: 19/19 MP: 3/5
   745 | D:2      | Reached XP level 3. HP: 17/24 MP: 1/6
   921 | D:2      | Noticed Natasha
   973 | D:2      | Learned a level 3 spell: Ozocubu's Armour
   985 | D:2      | Killed Natasha
   985 | D:2      | Reached skill level 4 in Ice Magic
   985 | D:2      | Reached XP level 4. HP: 30/30 MP: 2/8
  1021 | D:2      | Noticed Natasha
  1025 | D:2      | Killed Natasha
  1112 | D:2      | Noticed Natasha
  1141 | D:2      | Killed Natasha
  1530 | D:3      | Found a sparkling altar of Nemelex Xobeh.
  1645 | D:3      | Noticed hannobal's ghost (amateur OpTm)
  2138 | D:4      | Reached XP level 5. HP: 17/35 MP: 3/9
  2518 | D:4      | Found a radiant altar of Vehumet.
  2637 | D:4      | Reached skill level 5 in Dodging
  2637 | D:4      | Reached XP level 6. HP: 30/41 MP: 6/11
  3002 | D:5      | Entered Level 5 of the Dungeon
  3029 | D:5      | Reached skill level 5 in Ice Magic
  3179 | D:5      | Reached skill level 1 in Fighting
  3179 | D:5      | Reached skill level 1 in Polearms
  3328 | D:5      | Reached XP level 7. HP: 43/48 MP: 11/13
  3343 | D:5      | Found a staircase to the Ecumenical Temple.
  3371 | Temple   | Entered the Ecumenical Temple
  3528 | D:5      | Found a glowing silver altar of Zin.
  4144 | D:6      | Reached skill level 6 in Ice Magic
  4220 | D:6      | Learned a level 2 spell: Throw Frost
  4225 | D:6      | Learned a level 4 spell: Condensation Shield
  4441 | D:6      | Reached XP level 8. HP: 45/56 MP: 12/15
  4687 | D:6      | Reached skill level 5 in Spellcasting
  5129 | D:7      | Learned a level 4 spell: Summon Ice Beast
  5130 | D:7      | Found Zuemah's Magic Scroll Emporium.
  5298 | D:7      | Bought a scroll of teleportation for 45 gold pieces
  5376 | D:7      | Reached skill level 7 in Ice Magic
  5387 | D:7      | Found Joxetott's Magic Scroll Shoppe.
  5390 | D:7      | Bought a scroll of identify for 28 gold pieces
  5433 | D:7      | Found a shimmering altar of Xom.
  5433 | D:7      | Found a burning altar of Makhleb.
  5440 | D:7      | Reached skill level 1 in Summonings
  5950 | D:7      | Reached XP level 9. HP: 46/62 MP: 17/17
  5953 | D:7      | Found a glowing golden altar of the Shining One.
  5953 | D:7      | Found a basalt altar of Yredelemnul.
  6164 | D:7      | Noticed a profane servitor
  6561 | D:7      | Noticed an angel
  6667 | Temple   | Became a worshipper of Cheibriados the Contemplative
  6709 | D:5      | Reached skill level 8 in Ice Magic
  7211 | D:8      | Noticed Psyche
  7239 | D:8      | Killed Psyche
  7380 | D:8      | Found a blossoming altar of Fedhas.
  7444 | D:8      | Reached skill level 5 in Polearms
  7895 | D:8      | Learned a level 4 spell: Throw Icicle
  7951 | D:8      | Found a stormy altar of Qazlal.
  8029 | D:8      | Noticed a manticore
  8118 | D:8      | Reached * piety under Cheibriados
  8118 | D:8      | Reached skill level 1 in Conjurations
  8118 | D:8      | Reached skill level 1 in Invocations
  8235 | D:8      | Reached XP level 10. HP: 35/70 MP: 12/20
  8797 | D:9      | Reached ** piety under Cheibriados
  8878 | D:9      | Reached skill level 9 in Ice Magic
  9500 | D:10     | Entered Level 10 of the Dungeon
  9611 | D:10     | Paralysed by a wasp for 2 turns
  9909 | D:10     | Reached *** piety under Cheibriados
 10088 | D:10     | Reached skill level 5 in Fighting
 10099 | D:10     | Reached skill level 5 in Invocations
 10135 | D:10     | Reached XP level 11. HP: 58/79 MP: 22/22
 10450 | D:11     | Noticed a hill giant
 10466 | D:11     | Killed a hill giant
 10473 | D:11     | Noticed a hill giant
 10481 | D:11     | Killed a hill giant
 10754 | D:11     | Reached **** piety under Cheibriados
 11106 | D:11     | Noticed a hill giant
 11110 | D:11     | Noticed a hill giant
 11113 | D:11     | Killed a hill giant
 11468 | D:11     | Found a staircase to the Lair.
 11708 | D:11     | Killed a hill giant
 11935 | D:11     | Reached ***** piety under Cheibriados
 11935 | D:11     | Killed an unseen horror
 11943 | D:11     | Found Ujoinadd's Antique Armour Shop.
 12241 | D:12     | Noticed a hill giant
 12306 | D:11     | Noticed a hill giant
 12316 | D:11     | Killed a hill giant
 12473 | D:12     | Found a shadowy altar of Dithmenos.
 12492 | D:12     | Noticed a hill giant
 12494 | D:12     | Killed a hill giant
 12498 | D:12     | Reached skill level 10 in Ice Magic
 12500 | D:12     | Killed a hill giant
 12647 | D:12     | Reached skill level 10 in Dodging
 13070 | D:12     | Reached XP level 12. HP: 89/89 MP: 22/24
 13175 | Lair:1   | Entered Level 1 of the Lair of Beasts
 13218 | Lair:1   | Found a labyrinth entrance.
 13444 | Lab      | Entered a labyrinth
 13859 | Lab      | Got an ichor-stained trident
 13870 | Lab      | Identified the +6 trident of the Unspeakable One {drain, MP+9 Str+3 Dex+3 SInv} (You found it in a labyrinth)
 13981 | Lab      | Noticed a minotaur
 13993 | Lab      | Killed a minotaur
 14010 | Lab      | Got a fine pewter ring
 14014 | Lab      | Identified the ring "Ciufoziq" {Ice Int+6 SInv} (You found it in a labyrinth)
 14030 | Lair:1   | Noticed Joseph
 14936 | Lair:2   | Noticed Nergalle
 15529 | Lair:2   | Noticed an eight-headed hydra
 15537 | Lair:2   | Killed an eight-headed hydra
 15844 | Lair:3   | Reached skill level 11 in Dodging
 15844 | Lair:3   | Reached skill level 5 in Conjurations
 16398 | Lair:4   | Reached skill level 10 in Polearms
 16637 | Lair:4   | Reached skill level 10 in Invocations
 16690 | Lair:4   | Reached XP level 13. HP: 96/98 MP: 25/25
 16719 | Lair:4   | Noticed a four-headed hydra
 16724 | Lair:4   | Killed a four-headed hydra
 17159 | Lair:4   | Noticed a four-headed hydra
 17166 | Lair:4   | Killed a four-headed hydra
 17872 | Lair:5   | Learned a level 6 spell: Ozocubu's Refrigeration
 18676 | Lair:6   | Found a staircase to the Snake Pit.
 19194 | Lair:7   | Reached skill level 12 in Dodging
 19677 | Lair:7   | Reached XP level 14. HP: 98/109 MP: 26/26
 19697 | Lair:7   | Reached ****** piety under Cheibriados
 19700 | Lair:7   | Reached skill level 10 in Fighting
 20026 | Lair:7   | Identified the Papyrus of Evil Rituals and the Compass
 20232 | Lair:8   | Entered Level 8 of the Lair of Beasts
 20304 | Lair:8   | Learned a level 2 spell: Cure Poison
 20619 | D:11     | Bought an opalescent robe for 119 gold pieces
 20629 | D:11     | Identified the +1 robe of the Wilderness {MR+ Str+6 Int-2 Dex+2} (You bought it in a shop on level 11 of the Dungeon)
 20961 | Lair:6   | Learned a level 1 spell: Summon Butterflies
 21019 | Lair:6   | Reached skill level 13 in Polearms
 21164 | Lair:8   | Found a staircase to the Slime Pits.
 21598 | Lair:8   | Gained mutation: You expend magic power (3 MP) to strengthen your wands. [potion of mutation]
 21598 | Lair:8   | Gained mutation: You regenerate slowly when monsters are visible. [potion of mutation]
 21598 | Lair:8   | Gained mutation: Your body sometimes deteriorates upon taking damage. [potion of mutation]
 21599 | Lair:8   | Gained mutation: You are partially covered in large bone plates (AC +2, SH +2). [potion of mutation]
 21845 | D:12     | Noticed a hill giant
 21848 | D:12     | Killed a hill giant
 21849 | D:12     | Noticed an unseen horror
 21851 | D:12     | Noticed Frances
 21859 | D:12     | Killed an unseen horror
 22469 | D:13     | Noticed Sonja
 22487 | D:13     | Killed Sonja
 23217 | D:14     | Reached XP level 15. HP: 95/117 MP: 27/27
 23563 | D:14     | Reached skill level 14 in Dodging
 23906 | D:14     | Found a gate to the Vaults.
 24027 | D:15     | Entered Level 15 of the Dungeon
 24126 | D:15     | Found a staircase to the Depths.
 25171 | D:12     | Killed Frances
 25171 | D:12     | Reached skill level 15 in Polearms
 25258 | D:12     | Found a staircase to the Orcish Mines.
 25474 | D:8      | Killed a manticore
 25599 | Orc:1    | Entered Level 1 of the Orcish Mines
 25639 | Orc:1    | Found a roughly hewn altar of Beogh.
 25766 | Orc:2    | Noticed Snorg
 25927 | Orc:2    | Killed Snorg
 25989 | Orc:2    | Found a dark tunnel.
 25999 | Volcano  | Entered a volcano
 26401 | Volcano  | Reached XP level 16. HP: 82/127 MP: 28/28
 26632 | Orc:2    | Reached skill level 15 in Dodging
 26804 | Orc:3    | Found Plog's Armour Shoppe.
 26810 | Orc:3    | Noticed Donald
 26826 | Orc:3    | Killed Donald
 27275 | Orc:3    | Lost mutation: Your body sometimes deteriorates upon taking damage. [potion of cure mutation]
 27275 | Orc:3    | Lost mutation: You are partially covered in large bone plates (AC +2, SH +2). [potion of cure mutation]
 27275 | Orc:3    | Lost mutation: You expend magic power (3 MP) to strengthen your wands. [potion of cure mutation]
 27275 | Orc:3    | Lost mutation: You regenerate slowly when monsters are visible. [potion of cure mutation]
 27290 | Orc:4    | Entered Level 4 of the Orcish Mines
 27306 | Orc:4    | Noticed Rayvis's ghost (journeyman MiFi)
 27336 | Orc:4    | Killed Rayvis's ghost
 27407 | Orc:4    | Noticed Rayvis's ghost (journeyman FeEn)
 27412 | Orc:4    | Killed Rayvis's ghost
 27508 | Orc:4    | Found a staircase to the Elven Halls.
 27563 | Orc:4    | Found a roughly hewn altar of Beogh.
 27661 | Orc:4    | Found a roughly hewn altar of Beogh.
 27683 | Orc:4    | Found Haucw's Magic Scroll Boutique.
 27688 | Orc:4    | Bought a scroll of teleportation for 36 gold pieces
 27688 | Orc:4    | Bought a scroll of blinking for 90 gold pieces
 27688 | Orc:4    | Bought a scroll of teleportation for 36 gold pieces
 27688 | Orc:4    | Bought a scroll of identify for 24 gold pieces
 27759 | Orc:4    | Noticed Saint Roka
 27765 | Orc:4    | Found a roughly hewn altar of Beogh.
 28011 | Orc:4    | Found a roughly hewn altar of Beogh.
 28101 | Orc:4    | Found a roughly hewn altar of Beogh.
 28112 | Orc:4    | Found Vepuaff's Antique Armour Shop.
 28117 | Orc:4    | Bought a heavily jewelled robe for 148 gold pieces
 28117 | Orc:4    | Bought a pair of glowing gloves for 117 gold pieces
 28127 | Orc:4    | Identified the +1 robe "Tuugoas" {MR+ Stlth+} (You bought it in a shop on level 4 of the Orcish Mines)
 28226 | Orc:4    | Found Tatiumi's Antique Weapon Boutique.
 28227 | Orc:4    | Found a roughly hewn altar of Beogh.
 28230 | Orc:4    | Found Ocoskiu's Antique Armour Shop.
 28469 | Lair:1   | Learned a level 2 spell: Blink
 28478 | Lair:1   | Learned a level 6 spell: Freezing Cloud
 28501 | D:11     | Bought a shimmering quicksilver dragon armour for 1365 gold pieces
 28511 | D:11     | Identified the quicksilver dragon armour of Catatonia {rPois MR+ Stlth+} (You bought it in a shop on level 11 of the Dungeon)
 28644 | Lair:1   | Killed Joseph
 28877 | Lair:2   | Killed Nergalle
 29058 | Lair:5   | Found a staircase to the Swamp.
 29077 | Swamp:1  | Entered Level 1 of the Swamp
 29105 | Swamp:1  | Reached skill level 1 in Armour
 29167 | Swamp:1  | Reached skill level 1 in Air Magic
 30575 | Swamp:3  | Noticed a thorn hunter
 30655 | Swamp:3  | Identified the Catalogue of the Wolf
 30665 | Swamp:3  | Noticed Aizul
 30884 | Swamp:3  | Killed Aizul
 30886 | Swamp:3  | Found a basalt altar of Yredelemnul.
 30932 | Swamp:3  | Killed a thorn hunter
 31229 | Swamp:3  | Noticed Roxanne
 31280 | Swamp:3  | Killed Roxanne
 31284 | Swamp:3  | Identified Roxanne's Compendium of Earth and Changing (You took it off Roxanne on level 3 of the Swamp)
 31606 | Swamp:4  | Entered Level 4 of the Swamp
 31629 | Swamp:4  | Noticed a thorn hunter
 31644 | Swamp:4  | Reached XP level 17. HP: 71/133 MP: 24/30
 31789 | Swamp:4  | Noticed a thorn hunter
 31790 | Swamp:4  | Reached skill level 10 in Conjurations
 31815 | Swamp:4  | Killed a thorn hunter
 31828 | Swamp:4  | Killed a thorn hunter
 31828 | Swamp:4  | Reached skill level 10 in Spellcasting
 32192 | Swamp:4  | Reached skill level 5 in Air Magic
 32433 | Swamp:4  | Reached skill level 5 in Armour
 32543 | Swamp:4  | Got a decaying rune of Zot
 33005 | Lair:1   | Reached XP level 18. HP: 140/140 MP: 33/33
 33183 | Snake:1  | Entered Level 1 of the Snake Pit
 34668 | Snake:2  | Noticed Wiglaf
 34683 | Snake:2  | Killed Wiglaf
 35036 | Snake:2  | Reached XP level 19. HP: 113/147 MP: 25/34
 35685 | Snake:2  | Reached skill level 16 in Dodging
 36298 | Snake:3  | Found a runed door.
 36581 | Snake:4  | Entered Level 4 of the Snake Pit
 37363 | Snake:4  | Reached skill level 17 in Dodging
 37718 | Snake:4  | Found a glowing golden altar of the Shining One.
 37896 | Snake:4  | Gained mutation: Potions and wands are less effective at restoring your health. [potion of mutation]
 37896 | Snake:4  | Gained mutation: You are dopey. (Int -2) [potion of mutation]
 38029 | Snake:4  | Reached XP level 20. HP: 119/158 MP: 26/36
 38486 | Snake:4  | Got a serpentine rune of Zot
 38928 | Orc:3    | Bought a +0 pair of boots for 58 gold pieces
 39189 | Orc:4    | Killed Saint Roka
 39231 | Orc:4    | Found a roughly hewn altar of Beogh.
 39352 | Elf:1    | Entered Level 1 of the Elven Halls
 39634 | Elf:1    | Found Puibariun's Antique Weapon Emporium.
 40004 | Elf:1    | Cast into the Abyss (a deep elf demonologist)
 40230 | Abyss:1  | Noticed a bone dragon
 40238 | Abyss:1  | Paralysed by accursed screaming for 2 turns
 40248 | Abyss:1  | Learned a level 2 spell: Repel Missiles
 41108 | Abyss:1  | Paralysed by accursed screaming for 1 turns
 41563 | Elf:1    | Escaped the Abyss
 41762 | Elf:1    | Reached skill level 5 in Stealth
 42076 | Elf:1    | Noticed Linif the pandemonium lord
 42239 | Elf:2    | Found Ditukeci's Antique Weapon Shoppe.
 42405 | Elf:2    | Found a runed door.
 42430 | Elf:2    | Found a runed door.
 42749 | Elf:2    | Reached skill level 18 in Dodging
 42812 | Elf:2    | Cast into the Abyss (trident of distortion)
 42812 | Abyss:1  | Found a corrupted altar of Lugonu.
 42857 | Elf:2    | Escaped the Abyss
 43086 | Elf:2    | Reached XP level 21. HP: 161/166 MP: 39/39
 43291 | Elf:3    | Entered Level 3 of the Elven Halls
 44757 | Elf:3    | Got an iridescent spear {elec}
 44758 | Elf:3    | Identified the +5 spear "Sytz" {elec, *Confuse +Blink rN+ Int-5} (You took it off a deep elf demonologist on level 3 of the Elven Halls)
 45687 | Elf:3    | Got a steaming marble ring
 45726 | Elf:3    | Identified the ring "Seceapt" {rN++ MR+ MP+9 Str+2 Int-5} (You took it off a deep elf demonologist on level 3 of the Elven Halls)
 45748 | Elf:3    | Gained mutation: Your muscles are strong. (Str +2) [potion of mutation]
 45748 | Elf:3    | Gained mutation: You are partially covered in iridescent scales (AC +4). [potion of mutation]
 45748 | Elf:3    | Gained mutation: You are agile. (Dex +2) [potion of mutation]
 45749 | Elf:3    | Gained mutation: You are resistant to hostile enchantments. [potion of mutation]
 45750 | Elf:3    | Gained mutation: You are surrounded by a mild repulsion field (EV +2). [potion of mutation]
 45750 | Elf:3    | Lost mutation: Your muscles are strong. (Str +2) [potion of mutation]
 45750 | Elf:3    | Gained mutation: You can breathe flames. [potion of mutation]
 46179 | Elf:2    | Reached skill level 15 in Fighting
 46611 | D:7      | Bought a scroll of teleportation for 42 gold pieces
 46611 | D:7      | Bought a scroll of magic mapping for 49 gold pieces
 46611 | D:7      | Bought a scroll of enchant weapon for 105 gold pieces
 46667 | D:7      | Bought a scroll of teleportation for 45 gold pieces
 46667 | D:7      | Bought a scroll of identify for 30 gold pieces
 46667 | D:7      | Bought a scroll of teleportation for 45 gold pieces
 46667 | D:7      | Bought a scroll of teleportation for 45 gold pieces
 46833 | Vaults:1 | Entered Level 1 of the Vaults
 46850 | Vaults:1 | Found Keptesk's Antique Weapon Shop.
 47191 | Vaults:1 | Identified Byodunukk's Grimoire of Malediction and the Birds
 48011 | Vaults:1 | Reached XP level 22. HP: 175/175 MP: 25/40
 48808 | Vaults:2 | Reached skill level 19 in Dodging
 49751 | Vaults:3 | Reached skill level 15 in Spellcasting
 50508 | Vaults:3 | Found a staircase to the Crypt.
 50711 | Vaults:3 | Reached skill level 20 in Polearms
 51111 | Vaults:4 | Reached XP level 23. HP: 95/183 MP: 19/42
 51127 | Vaults:4 | Learned a level 6 spell: Deflect Missiles
 51343 | Vaults:4 | Reached skill level 1 in Charms
 52026 | Vaults:4 | Reached skill level 5 in Charms
 52057 | Vaults:4 | Noticed Frederick
 52068 | Vaults:4 | Killed Frederick
 52224 | Vaults:4 | Learned a level 7 spell: Orb of Destruction
 53365 | Depths:1 | Entered Level 1 of the Depths
 53874 | Depths:1 | Identified the Volume of Cankerous Black Secrets (You found it on level 1 of the Depths)
 54038 | Depths:1 | Reached skill level 21 in Polearms
 54353 | Depths:1 | Found a gateway to Hell.
 54974 | Depths:1 | Reached skill level 10 in Charms
 55060 | Depths:2 | Reached XP level 24. HP: 176/191 MP: 20/42
 55103 | Depths:2 | Reached skill level 22 in Polearms
 55345 | Depths:2 | Found a large runed door.
 55358 | Depths:2 | Found a large runed door.
 55390 | Depths:2 | Found Weuph's Book Boutique.
 55499 | Depths:2 | Found a large runed door.
 55603 | Depths:2 | Found a portal to a secret trove of treasure.
 55691 | Depths:2 | Found a large runed door.
 55695 | Depths:2 | Found a large runed door.
 55697 | Depths:2 | Found a large runed door.
 55697 | Depths:2 | Found a large runed door.
 55700 | Depths:2 | Found a large runed door.
 55732 | Depths:2 | Got an encrusted cloak
 55743 | Depths:2 | Identified the cursed -4 cloak "Nizasiv" {Str+3 Slay+3} (You found it on level 2 of the Depths)
 55751 | Depths:2 | Got a tiger eye-encrusted ring mail
 55762 | Depths:2 | Identified the +1 ring mail of Broken Taboos {*Confuse rN+ Int+3} (You found it on level 2 of the Depths)
 55865 | Depths:2 | Found a one-way gate leading to the halls of Pandemonium.
 56363 | Depths:3 | Reached skill level 23 in Polearms
 56377 | Depths:3 | Noticed MDvedh's ghost (veteran HOIE)
 56421 | Depths:3 | Killed MDvedh's ghost
 56734 | Depths:3 | Noticed Boris
 56747 | Depths:3 | Killed Boris
 56876 | Depths:3 | Reached skill level 24 in Polearms
 57355 | Depths:4 | Noticed Xtahua
 57591 | Depths:4 | Noticed Boris
 57597 | Depths:4 | Reached skill level 25 in Polearms
 57610 | Depths:4 | Killed Boris
 57694 | Depths:4 | Reached XP level 25. HP: 155/197 MP: 2/42
 57821 | Depths:4 | Found Hontal's Distillery.
 58230 | Depths:4 | Reached skill level 26 in Polearms
 58294 | Depths:4 | Bought a potion of heal wounds for 95 gold pieces
 58297 | Depths:4 | Found a one-way gate to the infinite horrors of the Abyss.
 58311 | Depths:4 | Killed Xtahua
 59056 | Depths:4 | Reached skill level 27 in Polearms
 59409 | Depths:5 | Entered Level 5 of the Depths
 59937 | Depths:5 | Found a gate to the Realm of Zot.
 60652 | Depths:5 | Found a gateway to a ziggurat.
 60654 | Depths:5 | Noticed a juggernaut
 60710 | Depths:5 | Killed a juggernaut
 61341 | Vaults:3 | Reached XP level 26. HP: 208/208 MP: 42/42
 61396 | Crypt:1  | Entered Level 1 of the Crypt
 62226 | Crypt:1  | Noticed a greater mummy
 62241 | Crypt:1  | Killed a greater mummy
 62786 | Crypt:1  | Found a basalt altar of Yredelemnul.
 62993 | Crypt:2  | Reached skill level 15 in Ice Magic
 63023 | Crypt:2  | Got a brightly glowing cloak
 63034 | Crypt:2  | Identified the +2 cloak of the Journeyman {rPois} (You found it on level 2 of the Crypt)
 63769 | Crypt:3  | Entered Level 3 of the Crypt
 64929 | Lair:1   | Learned a level 6 spell: Statue Form
 65066 | D:14     | Reached skill level 1 in Transmutations
 65324 | Crypt:3  | Reached XP level 27. HP: 218/218 MP: 43/43
 65336 | Crypt:3  | Reached skill level 1 in Earth Magic
 65484 | Crypt:3  | Found a staircase to the Tomb.
 65757 | Crypt:3  | Reached skill level 5 in Transmutations
 65811 | Crypt:3  | Got a smoking glass ring
 65839 | Crypt:3  | Found an ancient bone altar of Kikubaaqudgha.
 65873 | Crypt:3  | Got a transparent robe
 65908 | Crypt:3  | Identified the +1 robe of Plog {rPois rF+ rCorr Dex+2} (You took it off a deep elf death mage on level 3 of the Crypt)
 66077 | Crypt:3  | Got a transparent granite ring
 66077 | Crypt:3  | Got a glittering marble ring
 66082 | Crypt:3  | Identified the ring of Jepeytud {rPois rC- rN+ MR+ Dex+2} (You took it off a vampire knight on level 3 of the Crypt)
 66087 | Crypt:3  | Identified the ring of Mymef {*Contam *Confuse rN+ MP+9 Int+3} (You took it off a death knight on level 3 of the Crypt)
 66091 | Crypt:3  | Identified the ring of the Open Hand {rN+ Str+2} (You took it off a skeletal warrior on level 3 of the Crypt)
 66235 | Crypt:3  | Reached skill level 5 in Earth Magic
 66249 | Crypt:3  | Got a fine bronze ring
 66251 | Crypt:3  | Identified the ring "Fiedgh" {Ice -Tele rElec Dex+7} (You found it on level 3 of the Crypt)
 66271 | Crypt:3  | Got a warped brass amulet
 66273 | Crypt:3  | Identified the amulet of Departure {Regen+ Str+2} (You found it on level 3 of the Crypt)
 66943 | Slime:1  | Entered Level 1 of the Pits of Slime
 67016 | Slime:3  | Reached skill level 10 in Transmutations
 67105 | Slime:6  | Entered Level 6 of the Pits of Slime
 67247 | Slime:6  | Noticed the royal jelly
 67260 | Slime:6  | Killed the royal jelly
 68241 | Slime:6  | Identified the Volume of Conjuration and Beguiling
 68256 | Slime:6  | Got a pair of steaming boots
 68267 | Slime:6  | Identified the cursed +0 pair of boots of Hokur {+Fly rC+ rCorr Stlth-} (You found it on level 6 of the Pits of Slime)
 68306 | Slime:6  | Got a warped crystal plate armour
 68317 | Slime:6  | Identified the +5 crystal plate armour of Zivvuvy {*Corrode rElec Dex+3} (You found it on level 6 of the Pits of Slime)
 68395 | Slime:6  | Got a black opal-studded leather armour
 68402 | Slime:6  | Got a faintly glowing turquoise ring
 68408 | Slime:6  | Identified the +2 leather armour "Loaxzuv" {rN+ Str+3} (You found it on level 6 of the Pits of Slime)
 68436 | Slime:6  | Got a slimy rune of Zot
 68438 | Slime:6  | Got a clouded sapphire amulet
 68440 | Slime:6  | Identified the amulet of Zin's Esteem {Gourm rF+ rC- Dex+6} (You found it on level 6 of the Pits of Slime)
 68493 | Slime:6  | Got a steaming ring mail
 68504 | Slime:6  | Identified the +4 ring mail of Objectivity {rN+} (You found it on level 6 of the Pits of Slime)
 68518 | Slime:6  | Identified the ring "Wyoptur" {Wiz rF- rN+ Slay+3} (You found it on level 6 of the Pits of Slime)
 68916 | D:7      | Bought a scroll of identify for 28 gold pieces
 68916 | D:7      | Bought a scroll of identify for 28 gold pieces
 68916 | D:7      | Bought a scroll of identify for 28 gold pieces
 68916 | D:7      | Bought a scroll of identify for 28 gold pieces
 68916 | D:7      | Bought a scroll of fog for 28 gold pieces
 69145 | Orc:4    | Bought a scroll of identify for 24 gold pieces
 69145 | Orc:4    | Bought a scroll of identify for 24 gold pieces
 69145 | Orc:4    | Bought a scroll of identify for 24 gold pieces
 69145 | Orc:4    | Bought a scroll of identify for 24 gold pieces
 69145 | Orc:4    | Bought a scroll of fog for 24 gold pieces
 69452 | Depths:2 | You paid a toll of 22 scrolls of identify to enter a treasure trove
 69453 | Trove    | Entered a treasure trove
 69456 | Trove    | Got a vibrating ivory ring
 69458 | Trove    | Identified the ring of Fuhoh {MR+ EV+3 Stlth+} (You found it in a treasure trove)
 69496 | Trove    | Gained mutation: You are very dopey. (Int -4) [a shining eye]
 69501 | Trove    | Got a flickering brass amulet
 69503 | Trove    | Identified the amulet "Qipnat" {Clar rN+ Dex+3 Stlth+} (You found it in a treasure trove)
 69508 | Trove    | Got an ancient cloak
 69519 | Trove    | Identified the +0 cloak of the Ecumenical Temple {rCorr} (You found it in a treasure trove)
 69664 | Depths:4 | Voluntarily entered the Abyss.
 69792 | Abyss:1  | Reached skill level 15 in Transmutations
 70431 | Abyss:2  | Found a corrupted altar of Lugonu.
 70434 | Abyss:2  | Found a corrupted altar of Lugonu.
 70473 | Abyss:2  | Found a corrupted altar of Lugonu.
 70695 | Abyss:2  | Gained mutation: Scrolls take you a little longer to read. [a neqoxec]
 70703 | Abyss:2  | Found a corrupted altar of Lugonu.
 70733 | Abyss:3  | Found a corrupted altar of Lugonu.
 70756 | Abyss:3  | Found a corrupted altar of Lugonu.
 70780 | Abyss:3  | Found a corrupted altar of Lugonu.
 71613 | Abyss:4  | Noticed an ancient lich
 71640 | Abyss:4  | Paralysed by accursed screaming for 1 turns
 71703 | Abyss:4  | Killed an ancient lich
 71724 | Abyss:4  | Paralysed by accursed screaming for 2 turns
 71731 | Abyss:4  | Paralysed by accursed screaming for 2 turns
 71732 | Abyss:4  | HP: 9/221 [starcursed mass/accursed screaming (17)]
 71750 | Abyss:4  | Lost mutation: You are very dopey. (Int -4) [potion of cure mutation]
 71750 | Abyss:4  | Lost mutation: You are dopey. (Int -2) [potion of cure mutation]
 71750 | Abyss:4  | Lost mutation: Scrolls take you a little longer to read. [potion of cure mutation]
 71750 | Abyss:4  | Lost mutation: You are surrounded by a mild repulsion field (EV +2). [potion of cure mutation]
 71750 | Abyss:4  | Lost mutation: You are agile. (Dex +2) [potion of cure mutation]
 72202 | Abyss:4  | Found a corrupted altar of Lugonu.
 72287 | Abyss:4  | Identified a scroll of acquirement
 72348 | Abyss:4  | Got an abyssal rune of Zot
 72570 | Abyss:4  | Paralysed by accursed screaming for 2 turns
 72594 | Depths:4 | Escaped the Abyss
 73284 | Vaults:5 | Entered Level 5 of the Vaults
 75079 | Vaults:5 | Got a glittering bone ring
 75080 | Vaults:5 | Identified the ring of Nollein {rPois Int+3 Slay+3} (You took it off an ironheart preserver on level 5 of the Vaults)
 75095 | Vaults:5 | Got a scorched leather armour
 75117 | Vaults:5 | Identified the +1 leather armour "Quneunuw" {Int+11 Dex-5} (You took it off an ironheart preserver on level 5 of the Vaults)
 75753 | Vaults:5 | Noticed an ancient lich
 76236 | Vaults:5 | Got a silver rune of Zot
 76431 | Vaults:5 | Killed an ancient lich
 76689 | Vaults:5 | Got a clouded amethyst amulet
 76691 | Vaults:5 | Identified the amulet of Gappa Lal {rCorr rC+ Dex+4} (You took it off a yaktaur on level 5 of the Vaults)
 77068 | Vaults:5 | Got a shimmering scale mail
 77079 | Vaults:5 | Identified the +0 scale mail "Palof" {Dex+4 Stlth+} (You took it off an orc priest on level 5 of the Vaults)
 77150 | Vaults:5 | Got a jewelled ring mail
 77156 | Vaults:5 | Identified the +2 ring mail "Jehuemeth" {Str+9 Int-3 Dex-3 SInv} (You found it on level 5 of the Vaults)
 77222 | Vaults:5 | Got a dazzling chain mail
 77228 | Vaults:5 | Identified the cursed +0 chain mail of Jigsaw {-Tele rPois Str+2} (You took it off a deep elf high priest on level 5 of the Vaults)
 77337 | Vaults:4 | Got a scorched scale mail
 77348 | Vaults:4 | Identified the +3 scale mail "Ocalekk" {rPois rC- MP+9 Dex+4} (You found it on level 4 of the Vaults)
 77565 | Vaults:1 | Got a fine chain mail
 77576 | Vaults:1 | Identified the +0 chain mail "Vuxafeust" {Dex+7} (You found it on level 1 of the Vaults)
 77867 | Crypt:1  | Got a slimy plate armour
 77878 | Crypt:1  | Identified the +11 plate armour of Duck's Teeth {rN+ Str+2} (You found it on level 1 of the Crypt)
 78259 | D:11     | Bought a jet-encrusted chain mail for 199 gold pieces
 78269 | D:11     | Identified the +5 chain mail of Pessimism {*Drain rPois Int+10} (You bought it in a shop on level 11 of the Dungeon)
 78427 | Elf:1    | Got a translucent scale mail
 78438 | Elf:1    | Identified the +1 scale mail of Dium {rN+} (You found it on level 1 of the Elven Halls)
 78647 | D:9      | Got a jewelled chain mail
 78658 | D:9      | Identified the cursed +1 chain mail of Optimism {-Cast rPois rCorr Stlth+} (You found it on level 9 of the Dungeon)
 78890 | Pan      | Entered Pandemonium
 79225 | Pan      | Found an exit through the horrors of the Abyss.
 79396 | Pan      | HP: 11/230 [Hell Sentinel (29)]
 79396 | Pan      | HP: 5/230 [Hell Sentinel (6)]
 80155 | Pan      | Slain by an Ice Fiend

Action                   |  1- 3 |  4- 6 |  7- 9 | 10-12 | 13-15 | 16-18 | 19-21 | 22-24 | 25-27 || total
-------------------------+-------+-------+-------+-------+-------+-------+-------+-------+-------++-------
Melee: Unarmed           |     4 |       |       |       |       |       |       |       |       ||     4
       Dagger            |    16 |    86 |       |       |       |       |       |       |       ||   102
       Spear             |       |    25 |    65 |       |       |       |       |       |       ||    90
       Halberd           |       |       |   219 |   351 |       |       |       |       |       ||   570
       Trident           |       |       |       |   195 |   993 |  1022 |   925 |       |       ||  3135
       Glaive            |       |       |       |       |       |       |   379 |   748 |       ||  1127
       Bardiche          |       |       |       |       |       |       |       |   610 |  3377 ||  3987
Throw: Stone             |       |       |       |     1 |     2 |     1 |       |       |       ||     4
 Cast: Freeze            |    29 |    69 |   154 |   168 |    12 |     1 |       |       |       ||   433
       Ozocubu's Armour  |       |     3 |    27 |    49 |    74 |    60 |    55 |    37 |    90 ||   395
       Throw Frost       |       |       |     2 |     1 |     6 |       |       |       |       ||     9
       Summon Ice Beast  |       |       |     8 |    70 |    71 |    33 |    22 |     2 |     1 ||   207
       Condensation Shie |       |       |     1 |    38 |    72 |    60 |    55 |    38 |    90 ||   354
       Throw Icicle      |       |       |       |    22 |    78 |    84 |   214 |    55 |    70 ||   523
       Ozocubu's Refrige |       |       |       |       |    24 |    17 |     2 |    21 |     4 ||    68
       Cure Poison       |       |       |       |       |     1 |     1 |     1 |       |       ||     3
       Freezing Cloud    |       |       |       |       |       |    18 |    96 |    84 |    61 ||   259
       Blink             |       |       |       |       |       |     4 |    11 |    10 |    18 ||    43
       Repel Missiles    |       |       |       |       |       |       |     4 |     5 |     2 ||    11
       Orb of Destructio |       |       |       |       |       |       |       |    49 |    80 ||   129
       Deflect Missiles  |       |       |       |       |       |       |       |     5 |    10 ||    15
       Statue Form       |       |       |       |       |       |       |       |       |     1 ||     1
Invok: Bend Time         |       |       |       |     1 |     2 |       |     1 |       |     2 ||     6
       Slouch            |       |       |       |     6 |    12 |     5 |    12 |    12 |    35 ||    82
       Temporal Distorti |       |       |       |       |     8 |       |     7 |     2 |     1 ||    18
       Step From Time    |       |       |       |       |       |     1 |     1 |     1 |     3 ||     6
 Abil: Evoke Fog         |       |       |       |       |       |       |       |     1 |       ||     1
       Stop Flying       |       |       |       |       |       |       |       |     1 |       ||     1
       End Transformatio |       |       |       |       |       |       |       |       |     1 ||     1
Evoke: Wand              |       |       |       |       |     5 |       |     5 |     2 |     2 ||    14
       Deck              |       |       |       |       |       |       |     1 |       |       ||     1
  Use: Scroll            |       |       |    14 |    12 |    13 |    13 |    12 |     9 |    29 ||   102
       Potion            |       |       |     1 |     2 |     2 |     3 |     7 |       |     9 ||    24
 Stab: Sleeping          |     1 |     6 |     7 |    22 |     9 |    24 |    17 |    21 |    14 ||   121
       Distracted        |     1 |     1 |     2 |     8 |    14 |    13 |    18 |    12 |    37 ||   106
       Paralysed         |       |       |       |       |       |       |       |       |     2 ||     2
  Eat: Chunk             |     1 |     8 |    13 |    14 |    21 |    16 |    12 |    17 |    11 ||   113
       Meat ration       |       |       |     2 |     1 |     1 |       |     2 |     1 |     5 ||    12
       Beef jerky        |       |       |     1 |     1 |       |     4 |     1 |     1 |     5 ||    13
       Fruit             |       |       |       |     4 |       |       |     5 |       |     5 ||    14
       Pizza             |       |       |       |     1 |     1 |     1 |     1 |     1 |     4 ||     9
       Royal jelly       |       |       |       |       |     1 |       |       |     1 |     4 ||     6
